[Event "Team 45 45 League T38"]
[Site "Internet Chess Club"]
[Date "2008.08.31"]
[Round "6"]
[White "smsxman"]
[Black "luster-snow"]
[Result "0-1"]
[WhiteElo "1544"]
[BlackElo "1417"]
[Opening "Two knights defense"]
[ECO "C55"]
[Time "13:00:43"]
[TimeControl "2700+45"]

1. e4 e5 2. Bc4 Nc6 3. Nf3 Nf6 4. d4 d6 5. O-O exd4 6. Nxd4 Be7 7. Nxc6 bxc6 8.
Re1 O-O 9. Nc3 Bb7 10. Bf4 Re8 11. e5 dxe5 12. Bxe5 Qxd1 13. Raxd1 Rac8 14. Ne4
Nxe4 15. Rxe4 Bd8 16. Re3 Kf8 17. Rde1 Bg5 18. R3e2 f6 19. Bg3 Rxe2 20. Bxe2 f5
21. Bd3 g6 22. b3 Be7 23. Bc4 Bd6 24. Be6 Rd8 25. c4 Bxg3 26. fxg3 Rd2 27. a4
Rd3 28. Rb1 Re3 29. Bd7 Ke7 30. Kf2 Rc3 31. g4 Kxd7 32. gxf5 gxf5 33. g3 Rd3 34.
Rb2 c5 35. Ke2 Rd6 36. Ke3 Be4 37. Kf4 Rg6 38. Ke5 Re6+ 39. Kf4 Ke7 40. Kg5 Rf6
41. h4 h6+ 42. Kf4 Ke6 43. g4 Bd3 44. Rd2 Be4 45. Re2 Kf7 46. Rd2 Ke7 47. Re2
Kf7 48. Rd2 Bc6 49. g5 hxg5+ 50. hxg5 Re6 51. Kxf5 Be4+ 52. Kf4 Bg6 53. Rd7+ Re7
54. Rd2 Re4+ 55. Kf3 Ke6 56. Rd8 Rd4 57. Rg8 Kf7 58. Rc8 Rd3+ 59. Kf4 Rd7 60.
Ke5 Ke7 61. Ra8 Rd3 62. Rb8 Rd6 63. Rb7 Rc6 64. Rxa7 Kd7 65. Kd5 Rb6 66. Kxc5
Rxb3 67. Kd4 Rd3+ 68. Kc5 Rd6 69. a5 Rc6+ 70. Kd4 Kc8 71. Kd5 Rd6+ 72. Ke5 Kb8
73. c5 Rc6 74. Kd5 Be8 75. g6 Kxa7 76. g7 Rg6 77. g8=Q Rxg8 78. Ke6 Bb5 79. Ke7
Rg5 80. Kd8 Rxc5 81. Kc8 Ba6+ 82. Kd8 Rxa5 83. Kxc7 Rb5 84. Kc6 Rb1 85. Kc5 Bc4
86. Kc6 Bd5+ 87. Kxd5 Rc1 88. Kd4 Kb6 89. Kd3 Kb5 90. Kd2 Rc8 91. Kd3 Kb4 92.
Ke4 Rd8 93. Ke5 Kc5 94. Ke6 Rd1 95. Ke7 Kc6 96. Ke6 Re1+ 97. Kf5 Kd5 98. Kf4 Re8
99. Kf3 Kd4 100. Kf2 Kd3 101. Kf3 Rf8+ 102. Kg4 Ke4 103. Kg3 Rf7 104. Kg2 Ke3
105. Kg1 Ke2 106. Kg2 Rg7+ 107. Kh3 Kf3 108. Kh4 Rg1 109. Kh5 Kf4 110. Kh6 Kf5
{White forfeits on time} 0-1

[Event "Team 45 45 League T38"]
[Site "Internet Chess Club"]
[Date "2008.08.31"]
[Round "6"]
[White "Pranav1"]
[Black "EyeAm"]
[Result "0-1"]
[WhiteElo "1501"]
[BlackElo "1473"]
[Opening "Giuoco Pianissimo: Canal variation"]
[ECO "C47"]
[Time "13:58:46"]
[TimeControl "2700+45"]

1. e4 e5 2. Nf3 Nf6 3. Nc3 Nc6 4. Bc4 Bc5 5. d3 d6 6. Bg5 h6 7. Bh4 O-O 8. Nd5
g5 9. Nxf6+ Qxf6 10. Bg3 Na5 11. Qd2 Nxc4 12. dxc4 a5 13. Qd5 Qe6 14. h3 c6 15.
Qxe6 Bxe6 16. b3 f6 17. Bh2 a4 18. g4 Bb4+ 19. Ke2 Bc3 20. Rad1 Bb4 21. Rhg1
axb3 22. axb3 Ra2 23. Kd3 d5 24. exd5 cxd5 25. cxd5 Bxd5 26. Nd2 Rd8 27. Ke2
Rxc2 28. Ke3 Bxd2+ 29. Rxd2 Rxd2 30. Kxd2 Bxb3+ 31. Ke3 b5 32. Rb1 Bc4 33. Kf3
Kf7 34. Ra1 Kg6 35. Ra6 Kf7 36. Ra7+ Ke6 37. Rh7 b4 38. Rb7 b3 39. Rb6+ Rd6 40.
Rb4 Rd4 41. Rb6+ Kd5 42. Rxf6 b2 43. Rb6 Rd3+ 44. Kg2 Rb3 45. Rxh6 b1=Q 46. Rh5
Qf1# {White checkmated} 0-1

[Event "Team 45 45 League T38"]
[Site "Internet Chess Club"]
[Date "2008.09.01"]
[Round "6"]
[White "supraholic"]
[Black "Just-Jim"]
[Result "1-0"]
[WhiteElo "1308"]
[BlackElo "1370"]
[Opening "Giuoco Piano"]
[ECO "C50"]
[Time "13:29:14"]
[TimeControl "2700+45"]

1. e4 e5 2. Nf3 Nc6 3. Bc4 Bc5 4. a3 d6 5. b4 Bb6 6. Bb2 h6 7. Nc3 Nf6 8. h3 O-O
9. O-O Bd4 10. Nxd4 exd4 11. Nb5 Nxe4 12. Nxd4 Nxd4 13. Bxd4 Qg5 14. Be3 Qg6 15.
Qf3 c6 16. Bd3 d5 17. c4 Re8 18. Rac1 Qf6 19. Bxe4 dxe4 20. Qxf6 gxf6 21. Bxh6
b6 22. b5 Kh7 23. Be3 Rg8 24. Kh2 c5 25. f4 a6 26. a4 axb5 27. axb5 Ra4 28. f5
Re8 29. Rf4 Ra3 30. Rh4+ Kg8 31. g4 Bd7 32. Kg3 Bc8 33. Kf4 Bb7 34. g5 fxg5+ 35.
Kxg5 Bc8 36. Rg1 Kf8 37. f6 Re5+ 38. Kf4 Rf5+ 39. Kxe4 Rxf6 40. Rh8+ Ke7 41.
Rxc8 Re6+ 42. Kd5 Rd6+ 43. Ke4 Ra4 44. Rc1 Re6+ 45. Kd3 Ra7 46. h4 Rd7+ 47. Kc3
Re4 48. h5 f5 49. h6 Kd6 50. Rc6+ Ke5 51. Rxb6 f4 52. Bxc5 f3 53. Rh1 Rh7 54.
Rg6 Rf7 55. h7 Kf5 56. Rgh6 Re2 57. h8=Q f2 58. R1h5+ Kf4 59. Qd4+ Kf3 60. Rh3+
Kg2 61. Qg4+ Kf1 62. Rh1# {Black checkmated} 1-0

[Event "Team 45 45 League T38"]
[Site "Internet Chess Club"]
[Date "2008.08.30"]
[Round "6"]
[White "CoasterBrake"]
[Black "kynduvme"]
[Result "1-0"]
[WhiteElo "1197"]
[BlackElo "1051"]
[Opening "English opening"]
[ECO "A15"]
[Time "10:00:18"]
[TimeControl "2700+45"]

1. c4 Nf6 2. Nf3 e6 3. Nc3 c5 4. d4 d6 5. Qa4+ Bd7 6. Qb3 b6 7. Bg5 Be7 8. g3
O-O 9. Bg2 Nc6 10. d5 Na5 11. Qc2 Nxc4 12. dxe6 Bxe6 13. O-O h6 14. b3 Ne5 15.
Nxe5 dxe5 16. Bxf6 Bxf6 17. Bxa8 Qxa8 18. Rad1 Bh3 19. Qe4 Qxe4 20. Nxe4 Bxf1
21. Kxf1 Rd8 22. Nxf6+ gxf6 {Black resigns} 1-0

[Event "Team 45 45 League T38"]
[Site "Internet Chess Club"]
[Date "2008.09.02"]
[Round "6"]
[White "chips"]
[Black "dornoch"]
[Result "1-0"]
[WhiteElo "1185"]
[BlackElo "1032"]
[Opening "Caro-Kann: advance variation"]
[ECO "B12"]
[Time "22:04:19"]
[TimeControl "2700+45"]

1. e4 c6 2. d4 d5 3. e5 Bf5 4. Bd3 Bxd3 5. Qxd3 Nd7 6. Nf3 f6 7. O-O Qc7 8. exf6
gxf6 9. c3 Bh6 10. Bxh6 Nxh6 11. Nbd2 O-O-O 12. Rfe1 Rde8 13. Re2 e5 14. Rae1
Nf7 15. dxe5 Nfxe5 16. Qf5 Nxf3+ 17. Nxf3 Rxe2 18. Rxe2 Kd8 19. Nd4 Kc8 20. Re7
b6 21. Rxh7 Rxh7 22. Qxh7 Qe5 23. Qb1 Qe4 24. Qxe4 dxe4 25. Nxc6 Kc7 26. Nxa7
Kd6 27. Nb5+ Kc5 28. Nd4 Kc4 29. h4 Kd3 30. h5 Nf8 31. Kf1 e3 32. fxe3 Kxe3 33.
Ke1 Kd3 34. h6 Nh7 35. g3 {Black resigns} 1-0

[Event "Team 45 45 League T38"]
[Site "Internet Chess Club"]
[Date "2008.09.04"]
[Round "6"]
[White "KingsGrace"]
[Black "jjaillet2007"]
[Result "0-1"]
[WhiteElo "1249"]
[BlackElo "1247"]
[Opening "Queen's pawn game"]
[ECO "D00"]
[Time "21:18:19"]
[TimeControl "2700+45"]

1. d4 d5 2. e3 e6 3. Nf3 c5 4. Bd3 Nc6 5. c3 cxd4 6. exd4 Bd6 7. O-O Nf6 8. Bg5
h6 9. Bh4 O-O 10. Re1 Re8 11. Qc2 Be7 12. h3 e5 13. dxe5 Ne4 14. Bg3 Bc5 15. b4
Bb6 16. Na3 Nxg3 17. Nb5 Ne4 18. Rad1 Bxf2+ 19. Kf1 Bxe1 20. Bxe4 Qb6 21. Bxd5
Qxb5+ 22. Rd3 Nxe5 23. a4 Qxd3+ 24. Qxd3 Nxd3 25. Nxe1 {White resigns} 0-1

[Event "Team 45 45 League T38"]
[Site "Internet Chess Club"]
[Date "2008.08.31"]
[Round "6"]
[White "DrOMM"]
[Black "Skyler"]
[Result "0-1"]
[WhiteElo "1253"]
[BlackElo "1432"]
[Opening "Caro-Kann: classical variation"]
[ECO "B18"]
[Time "16:30:19"]
[TimeControl "2700+45"]

1. e4 c6 2. d4 d5 3. Nd2 dxe4 4. Nxe4 Bf5 5. Bd3 Qxd4 6. Ng5 Bxd3 7. Qxd3 Qxd3
8. cxd3 Nf6 9. N1f3 e6 10. O-O Bd6 11. Re1 Nbd7 12. Nxf7 Kxf7 13. Ng5+ Kg6 14.
Rxe6 Bc7 15. Re7 Rae8 16. Re6 Rxe6 17. Nxe6 Bb6 18. h3 Re8 19. Nf4+ Kf7 20. Kf1
Ba5 21. Be3 Bb6 22. Bxb6 Nxb6 23. Re1 Rxe1+ 24. Kxe1 Nfd5 25. Ne2 Nb4 26. a3
Nxd3+ 27. Kf1 Nxb2 28. Nd4 N2c4 29. Nf5 Nxa3 30. Nd6+ Ke7 31. Nxb7 Nac4 32. Ke2
Kd7 33. Nc5+ Kd6 34. Ne4+ Ke5 35. Ng5 h6 36. Nf7+ Ke6 37. Nd8+ Kd7 38. Nb7 Kc7
39. Nc5 a5 40. Kd3 a4 41. Nxa4 Nxa4 42. Kxc4 Nb2+ 43. Kc5 Nd3+ 44. Kd4 Nxf2 45.
Ke5 Kb6 46. Kd4 Kb5 47. Ke3 Nxh3 48. gxh3 g5 49. Kd4 Kb4 50. Kd3 c5 51. Kc2 Kc4
52. Kc1 Kc3 53. Kd1 Kb2 54. Kd2 c4 {White resigns} 0-1

[Event "Team 45 45 League T38"]
[Site "Internet Chess Club"]
[Date "2008.09.01"]
[Round "6"]
[White "Duck-Man"]
[Black "squeege"]
[Result "0-1"]
[WhiteElo "1214"]
[BlackElo "1180"]
[Opening "Giuoco Pianissimo: Italian four knights variation"]
[ECO "C50"]
[Time "07:20:40"]
[TimeControl "2700+45"]

1. e4 e5 2. Nf3 Nc6 3. Bc4 Bc5 4. Nc3 Nf6 5. d3 Nd4 6. Nxe5 Ne6 7. O-O O-O 8.
Nd5 Nxd5 9. Bxd5 Qe7 10. Nf3 c6 11. Bb3 Nd4 12. Bg5 Qd6 13. e5 Nxf3+ 14. Qxf3
Qg6 15. h4 d5 16. c4 Be6 17. cxd5 cxd5 18. Bxd5 Bxd5 19. Qxd5 b6 20. d4 h6 21.
dxc5 hxg5 22. hxg5 Qxg5 23. c6 Rfd8 24. Qe4 Rac8 25. Rac1 Qe7 26. Rfe1 a5 27. e6
fxe6 28. Qxe6+ Qxe6 29. Rxe6 Kf7 30. Re5 Rd6 31. c7 Rd7 32. Rf5+ Kg8 33. Rb5
Rcxc7 34. Rxc7 Rxc7 35. Rxb6 Rc1+ 36. Kh2 Rc2 37. Rb8+ Kh7 38. Rb5 a4 39. Ra5
Rxb2 40. Rxa4 Rxf2 41. Ra7 Kh6 42. a4 g6 43. a5 Ra2 44. a6 Kh5 45. Kh3 Kg5 46.
g3 Ra1 47. Ra8 Rh1+ 48. Kg2 Ra1 49. a7 Kg4 50. Kf2 g5 51. Kg2 Ra2+ 52. Kf1 Kxg3
53. Ke1 Kf3 54. Kf1 g4 55. Ke1 g3 56. Kf1 Ra1# {White checkmated} 0-1

[Event "Team 45 45 League T38"]
[Site "Internet Chess Club"]
[Date "2008.08.27"]
[Round "6"]
[White "mongmong"]
[Black "MathWorker"]
[Result "1-0"]
[WhiteElo "1654"]
[BlackElo "1553"]
[Opening "Queen's pawn: Yusupov-Rubinstein system"]
[ECO "A46"]
[Time "20:03:28"]
[TimeControl "2700+45"]

1. d4 Nf6 2. Nf3 e6 3. e3 c5 4. c3 Nc6 5. Bd3 Be7 6. Nbd2 d5 7. Qe2 O-O 8. O-O
Bd7 9. dxc5 Bxc5 10. e4 dxe4 11. Nxe4 Be7 12. Rd1 Qc7 13. Nfg5 Ne5 14. Nxf6+
Bxf6 15. Ne4 Be7 16. Bg5 Bxg5 17. Nxg5 Nxd3 18. Qxd3 g6 19. Qxd7 Qb6 20. Qd2
Rad8 21. Qe2 Qa5 22. Nf3 Rd5 23. Rxd5 Qxd5 24. c4 Qa5 25. b3 Rd8 26. Qe1 Qc7 27.
Rd1 Rxd1 28. Qxd1 Qf4 29. Qd8+ Kg7 30. Qd4+ Qxd4 31. Nxd4 Kf6 32. Kf1 Ke5 33.
Nc2 Ke4 34. Ke2 h5 35. f3+ Ke5 36. Ke3 g5 37. Nb4 f5 38. Nd3+ Kd6 39. Kd4 b6 40.
Ne5 g4 41. fxg4 fxg4 42. h3 gxh3 43. gxh3 a6 44. b4 Kc7 45. a3 Kd6 46. Ke4 a5
47. Ng6 Kc6 48. Nf4 {Black resigns} 1-0

[Event "Team 45 45 League T38"]
[Site "Internet Chess Club"]
[Date "2008.09.01"]
[Round "6"]
[White "AlPearson"]
[Black "alaskauk"]
[Result "1-0"]
[WhiteElo "1478"]
[BlackElo "1488"]
[Opening "English: symmetrical variation"]
[ECO "A30"]
[Time "10:00:41"]
[TimeControl "2700+45"]

1. c4 c5 2. Nf3 Nf6 3. Nc3 b6 4. g3 Bb7 5. Bg2 e6 6. O-O Nc6 7. a3 Be7 8. d3 O-O
9. Rb1 d5 10. cxd5 exd5 11. d4 cxd4 12. Nxd4 Nxd4 13. Qxd4 Qd7 14. b4 Rfd8 15.
Bb2 Qg4 16. Qxg4 Nxg4 17. Rfd1 Nf6 18. Rd4 Rd6 19. Rbd1 a6 20. Nxd5 Nxd5 21.
Bxd5 Bxd5 22. Rxd5 Rad8 23. Rxd6 Rxd6 24. Rxd6 Bxd6 25. f4 f6 26. f5 Kf7 27. g4
Bf4 28. h3 Ke7 29. Kf2 Kd6 30. Kf3 Be5 31. Bxe5+ Kxe5 32. Ke3 b5 33. Kf3 Kd4 34.
Kf4 Kc3 35. g5 Kb3 36. gxf6 gxf6 37. e4 {Black resigns} 1-0

[Event "Team 45 45 League T38"]
[Site "Internet Chess Club"]
[Date "2008.09.01"]
[Round "6"]
[White "jjmolina"]
[Black "crankn8tr"]
[Result "1/2-1/2"]
[WhiteElo "1722"]
[BlackElo "1608"]
[Opening "Sicilian: Pelikan (Lasker/Sveshnikov) variation"]
[ECO "B33"]
[Time "13:03:14"]
[TimeControl "2700+45"]

1. e4 c5 2. Nf3 Nc6 3. d4 cxd4 4. Nxd4 Nf6 5. Nc3 e5 6. Ndb5 Bc5 7. Be3 d6 8.
Bxc5 dxc5 9. Qxd8+ Kxd8 10. Nd6 Ke7 11. Nxc8+ Raxc8 12. f3 Rhd8 13. Rd1 Rxd1+
14. Kxd1 Rd8+ 15. Kc1 a6 16. Be2 b5 17. Bd1 Nd4 18. Ne2 Ne8 19. c3 Nxe2+ 20.
Bxe2 Nc7 21. Rd1 Rxd1+ 22. Kxd1 {Game drawn by mutual agreement} 1/2-1/2

[Event "Team 45 45 League T38"]
[Site "Internet Chess Club"]
[Date "2008.08.30"]
[Round "6"]
[White "Juan73"]
[Black "Fogbound"]
[Result "1-0"]
[WhiteElo "1718"]
[BlackElo "1330"]
[Opening "KP: Nimzovich defense"]
[ECO "B00"]
[Time "08:00:13"]
[TimeControl "2700+45"]

1. e4 Nc6 2. Nf3 e6 3. Nc3 Bb4 4. d4 h6 5. d5 Nce7 6. Qd4 Bxc3+ 7. Qxc3 Nf6 8.
dxe6 dxe6 9. Bd3 O-O 10. Bf4 Ng6 11. Qxc7 Qd7 12. Qxd7 Bxd7 13. Be3 Ng4 14. Bd2
e5 15. Bc3 a6 16. h3 Nf6 17. Nxe5 Bb5 18. Nxg6 fxg6 19. e5 Rae8 20. Bxg6 Re6 21.
O-O-O Ne8 22. Be4 Rxf2 23. Bd5 Nc7 24. Bb3 Kh7 25. Bxe6 Nxe6 26. Rd2 Rf5 27. Rd6
Nf4 28. g4 Ne2+ 29. Kd2 Rf2 30. Ke3 Rg2 31. Kf3 Rg3+ 32. Kf2 Kg8 33. Rd2 Bc6 34.
Rh2 Nxc3 35. Kxg3 Ne4+ 36. Kf4 Nxd2 37. Rxd2 g5+ 38. Kf5 Kf7 39. Rd6 Ke7 40.
Rxh6 Bg2 41. Kxg5 Be4 42. Rf6 Bxc2 43. h4 Be4 44. h5 Bh7 45. Rb6 Be4 46. h6 Kf7
47. h7 Bxh7 48. Rxb7+ Kg8 49. Rxh7 Kxh7 50. Kf6 Kg8 51. Ke7 Kg7 52. Kd7 Kf7 53.
e6+ Kf8 54. e7+ {Black resigns} 1-0

[Event "Team 45 45 League T38"]
[Site "Internet Chess Club"]
[Date "2008.08.31"]
[Round "6"]
[White "toadwarble"]
[Black "PANAMA-REY"]
[Result "0-1"]
[WhiteElo "1180"]
[BlackElo "1463"]
[Opening "QGD Slav: 4.e3"]
[ECO "D11"]
[Time "12:03:07"]
[TimeControl "2700+45"]

1. d4 d5 2. c4 c6 3. Nf3 Nf6 4. e3 Bg4 5. Be2 e6 6. O-O Bd6 7. h3 Bh5 8. cxd5
cxd5 9. Qb3 Qc7 10. Nc3 a6 11. Bd2 Nc6 12. Rac1 O-O 13. Bd1 Qe7 14. Ne2 Bxf3 15.
gxf3 Rab8 16. Ng3 h6 17. Re1 Nh7 18. Qd3 Ng5 19. h4 Nh7 20. Bc2 f5 21. f4 Qxh4
22. Qf1 Nf6 23. Qg2 Ne4 24. Nxe4 dxe4 25. Qh1 Qf6 26. Kf1 Qd8 27. Ke2 Rf6 28.
Rg1 Qb6 29. Bb3 Rbf8 30. Rg2 Nb4 31. Rcg1 R8f7 32. Rg6 Qb5+ 33. Kd1 Nd3 34. Qh2
Nxb2+ 35. Kc1 Rc7+ 36. Kxb2 a5 37. Rxf6 a4 38. Qxh6 axb3 39. axb3 Qd3 40. Rfg6
Rc2+ 41. Ka1 Qa6+ 42. Kb1 Qa2# {White checkmated} 0-1

[Event "Team 45 45 League T38"]
[Site "Internet Chess Club"]
[Date "2008.08.27"]
[Round "6"]
[White "albacore"]
[Black "Tjet"]
[Result "1/2-1/2"]
[WhiteElo "1348"]
[BlackElo "1574"]
[Opening "Philidor's defense"]
[ECO "C41"]
[Time "21:00:14"]
[TimeControl "2700+45"]

1. e4 d6 2. Nf3 e5 3. Bc4 Bg4 4. d3 Bxf3 5. Qxf3 Qf6 6. Nd2 Qxf3 7. Nxf3 h6 8.
Be3 Nd7 9. d4 Ngf6 10. Bd3 Ng4 11. Bd2 exd4 12. Nxd4 Nge5 13. Be2 a6 14. f4 Nc6
15. Nxc6 bxc6 16. O-O Be7 17. Rac1 c5 18. Bc3 Bf6 19. Rf3 Bxc3 20. Rxc3 O-O 21.
Rd1 Rfe8 22. Bf3 Rab8 23. b3 Nf6 24. Re3 Rb4 25. c4 a5 26. Kf2 a4 27. Rdd3 axb3
28. axb3 Reb8 29. Bd1 Re8 30. Kf3 Re7 31. Rd2 Nd7 32. Ra2 f6 33. Kg3 g6 34. Kf3
Kg7 35. Bc2 Nf8 36. g4 Ne6 37. Bd1 Nd4+ 38. Kf2 c6 39. h4 Reb7 40. e5 fxe5 41.
fxe5 dxe5 42. Rxe5 Rf7+ 43. Ke3 Rfb7 44. Rxc5 Nxb3 45. Rxc6 Re7+ 46. Kf4 Nd4 47.
Rc8 Rb6 48. g5 {Game drawn by mutual agreement} 1/2-1/2

[Event "Team 45 45 League T38"]
[Site "Internet Chess Club"]
[Date "2008.09.01"]
[Round "6"]
[White "Kalar-Yadwa"]
[Black "reverendjim"]
[Result "1/2-1/2"]
[WhiteElo "1313"]
[BlackElo "1190"]
[Opening "Nimzo-Indian: classical, Noa variation, 5.cd ed"]
[ECO "E35"]
[Time "13:00:28"]
[TimeControl "2700+45"]

1. d4 Nf6 2. c4 e6 3. Nc3 Bb4 4. Qc2 d5 5. cxd5 exd5 6. Bg5 h6 7. Bf4 O-O 8. a3
Bxc3+ 9. bxc3 Be6 10. Nf3 Nbd7 11. e3 Nh5 12. Be5 Nxe5 13. Nxe5 Nf6 14. Bd3 Rc8
15. O-O c5 16. Qb2 b6 17. Bb5 Qd6 18. f4 Bf5 19. h3 h5 20. Qf2 cxd4 21. cxd4 Rc2
22. Qe1 Be4 23. Rf2 Rxf2 24. Qxf2 Rc8 25. Bd3 Bxd3 26. Nxd3 Rc3 27. Ne5 Rxa3 28.
Rc1 Ne4 29. Rc8+ Kh7 30. Qh4 Ra1+ 31. Kh2 g6 32. Nxf7 Qd7 33. Rh8+ Kg7 34. Ne5
Qd6 35. Re8 Qf6 36. Re7+ Kg8 37. Re8+ Kg7 38. Re7+ Kg8 39. Re8+ Kg7 40. Re7+
{Game drawn by repetition} 1/2-1/2

[Event "Team 45 45 League T38"]
[Site "Internet Chess Club"]
[Date "2008.08.29"]
[Round "6"]
[White "kjs110"]
[Black "JustinZ"]
[Result "0-1"]
[WhiteElo "1128"]
[BlackElo "1278"]
[Opening "Scandinavian (center counter) defense"]
[ECO "B01"]
[Time "13:00:06"]
[TimeControl "2700+45"]

1. e4 d5 2. exd5 Qxd5 3. Nc3 Qa5 4. g3 Nf6 5. Nf3 e6 6. Bg2 Nc6 7. O-O Bc5 8. a3
O-O 9. b4 Bxb4 10. Bb2 Bc5 11. d4 Rd8 12. Ne2 e5 13. Qe1 exd4 14. Qxa5 Nxa5 15.
Nexd4 Nc4 16. Bc3 Nxa3 17. Rfe1 Bxd4 18. Bxd4 Nxc2 19. Rad1 Nxe1 20. Bxf6 Rxd1
21. Nxe1 Rxe1+ 22. Bf1 gxf6 {White resigns} 0-1

[Event "Team 45 45 League T38"]
[Site "Internet Chess Club"]
[Date "2008.09.02"]
[Round "6"]
[White "ErycC"]
[Black "jazzyrick"]
[Result "1-0"]
[WhiteElo "1518"]
[BlackElo "1516"]
[Opening "Bird's opening"]
[ECO "A02"]
[Time "19:14:18"]
[TimeControl "2700+45"]

1. f4 c5 2. Nf3 g6 3. Nc3 Bg7 4. b3 d5 5. e3 Bg4 6. Bb5+ Nd7 7. O-O e6 8. Qe1
Bxf3 9. Rxf3 Ne7 10. Rb1 O-O 11. Rh3 Nf6 12. Be2 d4 13. Nd1 Ned5 14. Bb2 dxe3
15. dxe3 Qc7 16. Qh4 Nh5 17. Bxg7 Kxg7 18. Bxh5 gxh5 19. Nc3 Rh8 20. Nxd5 exd5
21. Qg5+ Kf8 22. Qxd5 Rd8 23. Qxh5 Qc6 24. Qh6+ Qxh6 25. Rxh6 Rd2 26. Rc1 Kg7
27. Rh3 Re8 28. Rf3 Re2 29. Kf1 R2xe3 30. Rxe3 Rxe3 31. Rd1 Rc3 32. Rd2 a5 33.
Ke2 Kf6 34. Kd1 c4 35. Rd6+ Ke7 36. Rb6 cxb3 37. Rxb7+ Kf6 38. Rxb3 Rc4 39. g3
Rc7 40. Rd3 Kf5 41. Kd2 Kg4 42. Kc1 Kh3 43. Rd2 Re7 44. Kb2 Re1 45. Kb3 Re4 46.
c3 h5 47. c4 h4 48. gxh4 Kxh4 49. c5 Rxf4 50. c6 Rb4+ 51. Kc3 Rb8 52. c7 Rc8 53.
Rd7 f5 54. Kd4 Kg4 55. Rg7+ Kf4 56. Kd5 Ke3 57. Kc6 {Black resigns} 1-0

[Event "Team 45 45 League T38"]
[Site "Internet Chess Club"]
[Date "2008.08.29"]
[Round "6"]
[White "Conjurer"]
[Black "EyeAm"]
[Result "0-1"]
[WhiteElo "1234"]
[BlackElo "1454"]
[Opening "English opening"]
[ECO "A20"]
[Time "10:59:40"]
[TimeControl "2700+45"]

1. c4 e5 2. g3 f5 3. Nf3 Nc6 4. Nc3 Nf6 5. Bg2 e4 6. Nh4 d5 7. cxd5 Nxd5 8. d4
Bb4 9. e3 Nxc3 10. bxc3 Bxc3+ 11. Bd2 Bxa1 12. Qxa1 O-O 13. a3 Be6 14. Bh3 g5
15. Ng2 g4 16. Nf4 Qd6 17. d5 Bxd5 18. Nh5 Ne5 {White resigns} 0-1

[Event "Team 45 45 League T38"]
[Site "Internet Chess Club"]
[Date "2008.09.01"]
[Round "6"]
[White "wekabird"]
[Black "Just-Jim"]
[Result "1-0"]
[WhiteElo "1235"]
[BlackElo "1347"]
[Opening "English opening"]
[ECO "A20"]
[Time "19:00:06"]
[TimeControl "2700+45"]

1. c4 e5 2. d3 Bb4+ 3. Nc3 Ne7 4. g3 O-O 5. Bg2 h6 6. a3 Bxc3+ 7. bxc3 Nbc6 8.
e4 d6 9. h3 f5 10. exf5 Bxf5 11. Nf3 d5 12. O-O dxc4 13. dxc4 e4 14. Nd4 Nxd4
15. cxd4 Nc6 16. Be3 Qd7 17. Kh2 Rad8 18. d5 Na5 19. Rc1 b6 20. Bd2 Nb7 21. Bf4
Nc5 22. f3 exf3 23. Rxf3 Nd3 24. Rxd3 Bxd3 25. Qxd3 Qe7 26. Qe3 Qxe3 27. Bxe3
Rde8 28. Rc3 Re7 29. h4 Rfe8 30. Bf4 g5 31. d6 cxd6 32. Bxd6 Rg7 33. g4 Rg6 34.
Bd5+ Kh8 35. Bg3 Re2+ 36. Kh3 gxh4 37. Kxh4 Re7 38. Rf3 Kg7 39. Rf5 Kh7 40. Be5
Rd7 41. Rf8 Rgg7 42. Bxg7 Rxg7 43. Kh5 Rg5+ 44. Kh4 Kg7 45. Rg8+ Kf6 46. Rxg5
hxg5+ 47. Kh5 a5 48. a4 {Black resigns} 1-0

[Event "Team 45 45 League T38"]
[Site "Internet Chess Club"]
[Date "2008.08.31"]
[Round "6"]
[White "Traho"]
[Black "guyd52"]
[Result "0-1"]
[WhiteElo "1271"]
[BlackElo "1261"]
[Opening "Réti: King's Indian attack"]
[ECO "A04"]
[Time "08:00:52"]
[TimeControl "2700+45"]

1. Nf3 g6 2. g3 Nf6 3. Bg2 Bg7 4. O-O O-O 5. d3 d5 6. Re1 c5 7. Nbd2 Nc6 8. e4
d4 9. a3 e5 10. Rb1 a5 11. b3 b5 12. a4 b4 13. Nc4 Re8 14. Ng5 Ba6 15. f4 Bxc4
16. dxc4 Qd7 17. Bh3 Qc7 18. f5 h6 19. Nf3 g5 20. Nxg5 hxg5 21. Bxg5 Kf8 22. Qd2
Ke7 23. Bh4 Rh8 24. Qg5 Rag8 25. g4 Qd6 26. Qd2 Rxh4 27. Kg2 Nxg4 28. Bxg4 Rxg4+
29. Kh1 Bh6 30. Qxh6 Qxh6 {White resigns} 0-1

[Event "Team 45 45 League T38"]
[Site "Internet Chess Club"]
[Date "2008.09.02"]
[Round "6"]
[White "fledermaus"]
[Black "viking99"]
[Result "1/2-1/2"]
[WhiteElo "1985"]
[BlackElo "1807"]
[Opening "English opening"]
[ECO "A05"]
[Time "15:04:48"]
[TimeControl "2700+45"]

1. Nf3 Nf6 2. c4 g6 3. Nc3 c5 4. e4 d6 5. d4 cxd4 6. Nxd4 Bg7 7. Be2 O-O 8. Be3
a6 9. O-O Qc7 10. Rc1 Nbd7 11. Nd5 Nxd5 12. cxd5 Qa5 13. a3 Nf6 14. Qd3 Bd7 15.
b4 Qd8 16. f3 Rc8 17. Qd2 Ba4 18. Rxc8 Qxc8 19. Rc1 Qd7 20. Rc3 Rc8 21. Qc1 Rxc3
22. Qxc3 Ne8 23. Kf2 Qc7 24. Qxc7 Nxc7 25. Ke1 Bd7 26. Kd2 Kf8 27. Bd1 Nb5 28.
Nxb5 Bxb5 29. a4 {Game drawn by mutual agreement} 1/2-1/2

[Event "Team 45 45 League T38"]
[Site "Internet Chess Club"]
[Date "2008.08.30"]
[Round "6"]
[White "mickeys"]
[Black "mfeatherston"]
[Result "1-0"]
[WhiteElo "1907"]
[BlackElo "1800"]
[Opening "Bogo-Indian defense, Nimzovich variation"]
[ECO "E11"]
[Time "18:00:27"]
[TimeControl "2700+45"]

1. d4 Nf6 2. Nf3 e6 3. c4 Bb4+ 4. Bd2 Qe7 5. a3 Bxd2+ 6. Nbxd2 O-O 7. e3 d6 8.
Bd3 e5 9. Qc2 exd4 10. Nxd4 Nbd7 11. O-O Ne5 12. Be2 Re8 13. Rad1 Bd7 14. Ne4
Nxe4 15. Qxe4 Rab8 16. b4 Qf6 17. Qc2 a6 18. c5 dxc5 19. Qxc5 Rbc8 20. Qc2 c6
21. Nb3 Bf5 22. e4 Bg4 23. f3 Bh5 24. Nc5 b6 25. Nxa6 Ng6 26. g3 Ne5 27. f4 Ng4
28. e5 Qe7 29. Qb3 g6 30. Rfe1 Ra8 31. a4 Nxh2 32. Bxh5 gxh5 33. Kxh2 Rxa6 34.
Rd6 Rd8 35. Red1 Rda8 36. Qd3 Rxa4 37. Rh6 f6 38. Qc4+ Kh8 39. Qxc6 fxe5 40. Rd7
Ra2+ 41. Kh3 Qxd7+ 42. Qxd7 R2a7 43. Rxh7+ Kg8 44. Qxa7 {Black resigns} 1-0

[Event "Team 45 45 League T38"]
[Site "Internet Chess Club"]
[Date "2008.09.02"]
[Round "6"]
[White "cgrau"]
[Black "b-spot"]
[Result "1/2-1/2"]
[WhiteElo "1780"]
[BlackElo "1669"]
[Opening "Queen's pawn, Mason variation"]
[ECO "D00"]
[Time "20:01:01"]
[TimeControl "2700+45"]

1. d4 d5 2. Bf4 c6 3. Nf3 Nf6 4. e3 Qb6 5. Qc1 Bf5 6. c4 Nbd7 7. Nc3 e6 8. c5
Qd8 9. h3 h6 10. Be2 g5 11. Bh2 Bg7 12. b4 Ne4 13. O-O g4 14. hxg4 Bxg4 15. Nd2
Bxe2 16. Nxe2 Nxd2 17. Qxd2 Rg8 18. Rab1 e5 19. b5 Qg5 20. bxc6 bxc6 21. f4 Qg6
22. Rb7 exd4 23. Nxd4 Nxc5 24. f5 Qg5 25. Bf4 Qg4 26. Qc2 Bxd4 27. exd4 Qxg2+
28. Qxg2 Rxg2+ 29. Kxg2 Nxb7 {Game drawn by mutual agreement} 1/2-1/2

[Event "Team 45 45 League T38"]
[Site "Internet Chess Club"]
[Date "2008.09.01"]
[Round "6"]
[White "cityprosecutor"]
[Black "bmw2002"]
[Result "1/2-1/2"]
[WhiteElo "1783"]
[BlackElo "1576"]
[Opening "French: King's Indian attack"]
[ECO "C00"]
[Time "19:07:25"]
[TimeControl "2700+45"]

1. e4 e6 2. d3 d5 3. Nd2 Nf6 4. g3 dxe4 5. dxe4 Bc5 6. Bg2 Nc6 7. Ngf3 O-O 8.
O-O e5 9. c3 Bg4 10. h3 Be6 11. b4 Bd6 12. Ng5 Qd7 13. Nxe6 Qxe6 14. Qe2 a6 15.
Nc4 Rac8 16. Ne3 a5 17. b5 Na7 18. a4 b6 19. Nd5 Bc5 20. Bg5 Nd7 21. Be3 c6 22.
Bxc5 Nxc5 23. Nxb6 Rb8 24. Nc4 cxb5 25. axb5 a4 26. b6 Nb5 27. Rac1 Nb3 28. Rc2
a3 29. Nd2 a2 30. Qxb5 a1=Q 31. Rxa1 Nxa1 32. Rc1 Rxb6 33. Qa4 Nb3 34. Nxb3 Qxb3
35. Qxb3 Rxb3 36. c4 Rc8 37. c5 Rb5 38. c6 Rb6 39. Rc5 f6 40. Bf1 Rbxc6 41. Ra5
Rc5 42. Ra7 R8c7 43. Ra6 Kf7 44. Kg2 h6 45. h4 Rc2 46. Bd3 Rd2 47. Bb5 Rcc2 48.
Ra7+ Kf8 49. Ra8+ Kf7 50. Ra7+ Kg6 51. Be8+ Kh7 52. h5 Rxf2+ 53. Kg1 Rg2+ 54.
Kf1 Rxg3 55. Rb7 Rc4 56. Kf2 Rg5 57. Kf3 Rc3+ 58. Kf2 Rgg3 59. Ra7 Rg5 60. Rb7
f5 61. Rb8 f4 62. Bf7 f3 63. Bg8+ Kh8 64. Bf7+ {Game drawn by mutual agreement}
1/2-1/2